 Dungeon Sprint DCSS version 0.27.1-2-g3b301248ec (webtiles) character file.

Game seed: 5561445659708821674

318 boopmooplesden the Protected (level 8, -3/81 HPs)
             Began as a Minotaur Fighter on Sept 22, 2021.
             Was a Priest of Okawaru.
             Slain by Aizul (9 damage)
             ... in the Dungeon (Sprint VI: "Thunderdome").
             The game lasted 00:03:44 (551 turns).

boopmooplesden the Protected (Minotaur Fighter)      Turns: 551, Time: 00:03:44

Health: -3/81      AC: 16    Str: 26    XL:     8   Next: 36%
Magic:  0/7        EV:  9    Int:  7    God:    Okawaru [***...]
Gold:   42         SH: 13    Dex: 13    Spells: 7/7 levels left

rFire    . . .     SeeInvis .   a - +0 long sword
rCold    + . .     Faith    .   c - +0 kite shield
rNeg     + + +     Spirit   +   d - +0 chain mail
rPois    .         Reflect  .   u - +1 hat of Happy Babbling {rN+}
rElec    .         Harm     .   p - +0 cloak
rCorr    .         Rampage  .   o - +0 pair of gloves
Will     .....     NoTele   +   (no boots)
Stlth    ..........             q - amulet of Mepeon {Spirit rC+ Int+2}
HPRegen  0.23/turn              r - ring of the Meadowlark {rN+ Str+3 Dex+3}
MPRegen  0.10/turn              t - ring "Coemmey" {rN+ Slay+2}

@: lethally poisoned (-3 -> -13), hasted, very quick
A: horns 2, retaliatory headbutt
a: Renounce Religion, Heroism


You were in the Dungeon.
You worshipped Okawaru.
Okawaru was most pleased with you.
You visited 1 branch You collected 600 gold pieces.
You spent 558 gold pieces at shops.

Inventory:

Hand Weapons
 a - a +0 long sword (weapon)
 s - a +0 flail of holy wrath
Armour
 b - a +0 scale mail
 c - a +0 kite shield (worn)
 d - a +0 chain mail (worn)
 o - a +0 pair of gloves (worn)
 p - a +0 cloak (worn)
 u - the +1 hat of Happy Babbling (worn) {rN+}
   (You bought it in a shop in the Dungeon)

   rN:        It protects you from negative energy.
Jewellery
 q - the amulet of Mepeon (around neck) {Spirit rC+ Int+2}
   (You bought it in a shop in the Dungeon)

   [amulet of guardian spirit]

   It causes incoming damage to be divided between your reserves of health and
   magic.
   Int:       It affects your intelligence (+2).
   rC:        It protects you from cold.
 r - the ring of the Meadowlark (left hand) {rN+ Str+3 Dex+3}
   (You bought it in a shop in the Dungeon)

   [ring of positive energy]

   Str:       It affects your strength (+3).
   Dex:       It affects your dexterity (+3).
   rN:        It protects you from negative energy.
 t - the ring "Coemmey" (right hand) {rN+ Slay+2}
   (You bought it in a shop in the Dungeon)

   [ring of positive energy]

   Slay:      It affects your accuracy & damage with ranged weapons and melee
   (+2).
   rN:        It protects you from negative energy.
Wands
 l - a wand of acid (5)
 m - a wand of iceblast (5)
Scrolls
 j - 4 scrolls of blinking
 n - 3 scrolls of fog
Potions
 g - 3 potions of haste
 h - 2 potions of magic
 i - a potion of berserk rage
 k - a potion of resistance


   Skills:
 + Level 10.9 Fighting
 + Level 11.7 Long Blades
 + Level 12.1 Armour
 + Level 3.1 Dodging
 + Level 10.6 Shields
 + Level 0.3 Invocations


You had 7 spell levels left.
You didn't know any spells.
Your spell library was empty.

Dungeon Overview and Level Annotations

Branches:
Dungeon (1/1)

Altars:
Cheibriados
Dithmenos
Fedhas
Gozag
Kikubaaqudgha
Makhleb
Okawaru
Qazlal
Ru
Sif Muna
Trog
Uskayaw
Vehumet
Wu Jian
Xom
Yredelemnul
Zin
The Shining One
Beogh
Jiyva
Lugonu

Shops:
D *[??*?*:[((!!!!

Annotations:
D Aizul


Innate Abilities, Weirdness & Mutations

You have a pair of horns on your head.
You reflexively headbutt those who attack you in melee.


Message History

Aizul hisses menacingly.
Aizul hits you!
* * * LOW HITPOINT WARNING * * *
You completely miss Aizul.
Aizul is severely wounded.
You feel sick.
You hit Aizul. You headbutt Aizul, but do no damage.
Aizul is severely wounded.
You feel sick. Aizul hits you but does no damage.
You barely miss Aizul. You headbutt Aizul, but do no damage.
Aizul is severely wounded.
You feel sick. You block Aizul's attack.
You closely miss Aizul.
Aizul is severely wounded.
You feel sick.
Aizul coils herself and waves her upper body at you.
The bolt of poison hits you but does no damage.
You are lethally poisoned!
You miss Aizul. You headbutt Aizul!
Aizul is severely wounded.
* * * LOW HITPOINT WARNING * * *
You feel sick. You block Aizul's attack.
You miss Aizul. You headbutt Aizul, but do no damage.
Aizul is severely wounded.
* * * LOW HITPOINT WARNING * * *
You feel very sick. You block Aizul's attack.
You hit Aizul. Your headbutt misses Aizul.
Aizul is severely wounded.
* * * LOW HITPOINT WARNING * * *
You feel sick.
You closely miss Aizul. Your headbutt misses Aizul.
Aizul is severely wounded.
* * * LOW HITPOINT WARNING * * *
You feel sick. You block Aizul's attack.
You hit Aizul but do no damage.
Aizul is severely wounded.
* * * LOW HITPOINT WARNING * * *
You feel sick. Aizul hits you!
You die...

#_......._# #_......._#
###.........###
#⌠...........⌠#
######.8.........8.#
##.___......###......
###∩........8.# #.8....
##.............###......
#⌠....S@....###...###...
#⌠..........# #.<.# #...
#⌠..........###...###...
##.............###......
###∩........8.# #.8....
##∩___......###.)[...
######.8......)..8.#
#⌠...........⌠#
###.........###


You could see Aizul.

Vanquished Creatures
  A yak (D)
  4 fire bats (D)
  2 fire elementals (D)
  A water moccasin (D)
  An orc warrior (D)
  Blork the orc (D)
  A hound (D)
  An orc priest (D)
  3 adders (D)
  2 adder zombies (D)
  3 orcs (D)
  3 ball pythons (D)
  A ball python zombie (D)
  A giant cockroach zombie (D)
25 creatures vanquished.

Notes
Turn   | Place    | Note
-------+----------+-------------------------------------------
     0 | D        | boopmooplesden the Minotaur Fighter began the quest for the
                  | Orb.
     0 | D        | Reached XP level 1. HP: 19/19 MP: 0/0
     3 | D        | Found an ancient bone altar of Kikubaaqudgha.
     3 | D        | Found a viscous altar of Jiyva.
     4 | D        | Found a snail-covered altar of Cheibriados.
     5 | D        | Found a bloodstained altar of Trog.
     5 | D        | Round 1.
     6 | D        | Found a shadowy altar of Dithmenos.
     6 | D        | Found Syebreyr's Weapon Rack.
     6 | D        | Found Sehemoq's Premium Goods.
     7 | D        | Found Dimani Agad's Basic Armour.
     7 | D        | Found Keaq's Miscellaneous Merchandise.
    15 | D        | Bought a +0 pair of gloves for 54 gold pieces
    15 | D        | Bought a +0 cloak for 54 gold pieces
    28 | D        | Found an opulent altar of Gozag.
    29 | D        | Found a stormy altar of Qazlal.
    30 | D        | Found an iron altar of Okawaru.
    31 | D        | Found Nureofil's Identification Station.
    37 | D        | Reached skill level 4 in Armour
    41 | D        | Reached skill level 5 in Armour
    41 | D        | Reached XP level 2. HP: 20/28 MP: 1/1
    43 | D        | Found Ruapyx's Advanced Armour.
    44 | D        | Found Emefuyh's Jewellery.
    45 | D        | Found a basalt altar of Yredelemnul.
    45 | D        | Found a shimmering altar of Xom.
    45 | D        | Found a burning altar of Makhleb.
    49 | D        | Became a worshipper of Warmaster Okawaru
    57 | D        | Bought an ancient brass amulet for 45 gold pieces
    57 | D        | Identified the amulet of Mepeon {Spirit rC+ Int+2} (You
                  | bought it in a shop in the Dungeon)
    57 | D        | Bought a warped lapis lazuli ring for 45 gold pieces
    57 | D        | Identified the ring of the Meadowlark {rN+ Str+3 Dex+3}
                  | (You bought it in a shop in the Dungeon)
    65 | D        | Found a corrupted altar of Lugonu.
    67 | D        | Found a sacrificial altar of Ru.
    68 | D        | Found an ornate altar of the Wu Jian Council.
    69 | D        | Found Fepis's Magic Scroll Shop.
    70 | D        | Found Ylarul's Magic Scroll Shop.
    70 | D        | Found Zogi's Must-Have Magic.
    71 | D        | Found a glowing golden altar of the Shining One.
    71 | D        | Found a hide-covered altar of Uskayaw.
    71 | D        | Found a shimmering blue altar of Sif Muna.
    71 | D        | Found Ettifruo's Staff Store.
    78 | D        | Found a radiant altar of Vehumet.
    79 | D        | Found a blossoming altar of Fedhas.
    90 | D        | Arena points: 12 (+12) [x2]
    94 | D        | Found Paudeo's Distillery.
   105 | D        | Round 2.
   110 | D        | Found Yleclu Bizit's Distillery.
   110 | D        | Found Boxeufru's Bottled Wisdom.
   110 | D        | Found a glowing silver altar of Zin.
   110 | D        | Found Kigigu's Do-It-Yourself Clinic.
   131 | D        | Reached skill level 5 in Fighting
   131 | D        | Reached skill level 6 in Armour
   131 | D        | Reached skill level 5 in Shields
   131 | D        | Reached XP level 3. HP: 31/36 MP: 2/2
   171 | D        | Noticed an orc warrior
   177 | D        | Noticed Blork the orc
   183 | D        | Killed an orc warrior
   183 | D        | Reached * piety under Okawaru
   184 | D        | Reached skill level 8 in Armour
   184 | D        | Reached skill level 1 in Dodging
   184 | D        | Reached XP level 4. HP: 29/47 MP: 0/3
   184 | D        | Reached XP level 5. HP: 32/52 MP: 0/4
   186 | D        | Killed Blork the orc
   186 | D        | Arena points: 54 (+42) [x3]
   226 | D        | Bought a slimy pewter ring for 45 gold pieces
   226 | D        | Identified the ring "Coemmey" {rN+ Slay+2} (You bought it
                  | in a shop in the Dungeon)
   235 | D        | Round 3.
   247 | D        | Noticed a fire bat
   260 | D        | Killed a fire bat
   261 | D        | Reached skill level 9 in Armour
   261 | D        | Reached XP level 6. HP: 38/62 MP: 5/5
   261 | D        | Noticed a fire bat
   278 | D        | Killed a fire bat
   278 | D        | Reached ** piety under Okawaru
   279 | D        | Reached skill level 10 in Armour
   309 | D        | Noticed a fire elemental
   328 | D        | Killed a fire elemental
   329 | D        | Reached XP level 7. HP: 41/70 MP: 1/6
   329 | D        | Noticed a fire bat
   345 | D        | Killed a fire bat
   346 | D        | Reached skill level 10 in Fighting
   346 | D        | Reached skill level 10 in Long Blades
   346 | D        | Reached skill level 11 in Armour
   362 | D        | Noticed a fire elemental
   373 | D        | Killed a fire elemental
   380 | D        | Noticed a fire bat
   391 | D        | Killed a fire bat
   391 | D        | Reached *** piety under Okawaru
   391 | D        | Arena points: 138 (+84) [x4]
   392 | D        | Reached skill level 10 in Shields
   392 | D        | Reached XP level 8. HP: 40/80 MP: 3/7
   430 | D        | Round 4.
   446 | D        | Reached skill level 12 in Armour
   464 | D        | Arena points: 318 (+180) [x5]
   481 | D        | Bought a glimmering hat for 315 gold pieces
   481 | D        | Identified the +1 hat of Happy Babbling {rN+} (You bought
                  | it in a shop in the Dungeon)
   520 | D        | Round 5.
   521 | D        | Noticed Aizul
   540 | D        | HP: 2/81 [Aizul/poison arrow (13)]
   551 | D        | Slain by Aizul

Illustrated notes

Levels and vault maps discovered:
D:        arena_sprint

Skill      XL: |  1  2  3  4  5  6  7  8 |
---------------+-------------------------+-----
Armour         | 5 6 8 9 10 11 12 | 12.1
Fighting       | 4 5 7 8 9 10 | 10.9
Long Blades    | 3 4 6 8 9 10 11 | 11.7
Shields        | 4 5 6 8 9 10 | 10.6
Dodging        | 1 2 3 |  3.1
Invocations    | |  0.3

Action                   |  1- 3 |  4- 6 |  7- 9 || total
-------------------------+-------+-------+-------++-------
Melee: Long sword        |    33 |    16 |    58 ||   107
       Headbutt          |     7 |     3 |    21 ||    31
Invok: Heroism           |       |       |     3 ||     3
  Use: Potion            |     2 |     1 |     4 ||     7
Armor: Scale mail        |    22 |     1 |       ||    23
       Chain mail        |       |    10 |    20 ||    30
Dodge: Dodged            |    10 |     8 |    11 ||    29
Block: Kite shield       |    18 |     8 |    31 ||    57
       Rpst.: Long sword |     3 |     3 |     3 ||     9
